MLB
WASHINGTON NATIONALS @ SAN DIEGO PADRES
10/10/2018
 
TOP OF THE 1ST
Washington Nationals batting - Pitching for San Diego Padres : RHP Justin Verlander
Pitching: RHP Justin Verlander
Batting: LHB Joe Panik 0-0: Ball
1-0: Ball
2-0: Ground out 5-3 (Groundball, 56S)
Batting: SHB Aaron Hicks 0-0: Foul Ball, location: 2F
0-1: Ball
1-1: Fly out, F7 (Flyball, 7D)
Batting: LHB Andrew Benintendi 0-0: Called Strike
0-1: Foul Ball, location: 2F
0-2: Strikes out swinging
Top of the 1st over - 0 runs, 0 hits, 0 errors, 0 left on base; Washington 0 - San Diego 0
BOTTOM OF THE 1ST
San Diego Padres batting - Pitching for Washington Nationals : RHP Alex Reyes
Pitching: RHP Alex Reyes
Batting: RHB Jose Altuve 0-0: Called Strike
0-1: Ball
1-1: Ball
2-1: Bunt for hit to 2L - play at first, batter OUT! 2-3
Batting: SHB Carlos Santana 0-0: Ground out 4-3 (Groundball, 4)
Batting: RHB Mitch Haniger 0-0: Called Strike
0-1: Ball
1-1: Ball
2-1: Ball
3-1: Swinging Strike
3-2: Foul Ball, location: 2F
3-2: Fly out, F4 (Popup, 34S)
Bottom of the 1st over - 0 runs, 0 hits, 0 errors, 0 left on base; Washington 0 - San Diego 0
TOP OF THE 2ND
Washington Nationals batting - Pitching for San Diego Padres : RHP Justin Verlander
Batting: RHB Yulieski Gurriel 0-0: Called Strike
0-1: Ball
1-1: Ground out 5-3 (Groundball, 56)
Batting: RHB Marcell Ozuna 0-0: Ball
1-0: Ball
2-0: Called Strike
2-1: Swinging Strike
2-2: Ball
3-2: SOLO HOME RUN (Flyball, 78XD), Distance : 417 ft
Batting: RHB Chris Taylor 0-0: Ball
1-0: Foul Ball, location: 2F
1-1: Foul Ball, location: 2F
1-2: Ball
2-2: Foul Ball, location: 2F
2-2: Foul Ball, location: 2F
2-2: Reached on error, E8 (Flyball, 8LS)
Batting: RHB Tyler Flowers 0-0: Called Strike
Chris Taylor steals 2nd base
0-1: Ball
1-1: SINGLE (Flyball, 78S)
Chris Taylor to third
Batting: RHB Alex Reyes 0-0: Ball
1-0: Called Strike
1-1: Ball
2-1: Foul Ball, location: 2F
2-2: Strikes out swinging
Batting: LHB Yonder Alonso 0-0: Called Strike
0-1: Ball
1-1: Foul Ball, location: 2F
1-2: Ball
2-2: Ball
3-2: Strikes out looking
Top of the 2nd over - 1 run, 2 hits, 1 error, 2 left on base; Washington 1 - San Diego 0
BOTTOM OF THE 2ND
San Diego Padres batting - Pitching for Washington Nationals : RHP Alex Reyes
Batting: LHB Mike Moustakas 0-0: Called Strike
0-1: SINGLE (Line Drive, 7S)
Batting: RHB Yadier Molina 0-0: Called Strike
0-1: Ball
1-1: Foul Ball, location: 2F
1-2: Ball
2-2: Foul Ball, location: 2F
2-2: Foul Ball, location: 2F
2-2: Foul Ball, location: 2F
2-2: Fly out, F7 (Flyball, 7LM)
Batting: LHB David Peralta 0-0: Foul Ball, location: 2F
0-1: Ball
1-1: Swinging Strike
1-2: Strikes out looking
Batting: SHB Freddy Galvis 0-0: Ball
1-0: Fly out, F8 (Line Drive, 8LM)
Bottom of the 2nd over - 0 runs, 1 hit, 0 errors, 1 left on base; Washington 1 - San Diego 0
TOP OF THE 3RD
Washington Nationals batting - Pitching for San Diego Padres : RHP Justin Verlander
Batting: LHB Joe Panik 0-0: Fly out, F5 (Popup, 56S)
Batting: SHB Aaron Hicks 0-0: Ball
1-0: Ground out 4-3 (Groundball, 4)
Batting: LHB Andrew Benintendi 0-0: Ball
1-0: Foul Ball, location: 2F
1-1: Ball
2-1: DOUBLE (Line Drive, 8RXD)
Batting: RHB Yulieski Gurriel 0-0: Ball
1-0: Ball
2-0: Foul Ball, location: 2F
2-1: Foul Ball, location: 2F
2-2: Strikes out looking
Top of the 3rd over - 0 runs, 1 hit, 0 errors, 1 left on base; Washington 1 - San Diego 0
BOTTOM OF THE 3RD
San Diego Padres batting - Pitching for Washington Nationals : RHP Alex Reyes
Batting: RHB Lorenzo Cain 0-0: Swinging Strike
0-1: Foul Ball, location: 2F
0-2: Fly out, F8 (Flyball, 8LM)
Batting: RHB Justin Verlander 0-0: Foul Ball, location: 2F
0-1: Ball
1-1: Ball
2-1: Foul Ball, location: 2F
2-2: Strikes out swinging
Batting: RHB Jose Altuve 0-0: Called Strike
0-1: Ball
1-1: Bunt for hit to 13 - play at first, batter OUT! 1-3
Bottom of the 3rd over - 0 runs, 0 hits, 0 errors, 0 left on base; Washington 1 - San Diego 0
TOP OF THE 4TH
Washington Nationals batting - Pitching for San Diego Padres : RHP Justin Verlander
Batting: RHB Marcell Ozuna 0-0: Swinging Strike
0-1: SOLO HOME RUN (Flyball, 7LD), Distance : 340 ft
Batting: RHB Chris Taylor 0-0: Called Strike
0-1: Ball
1-1: Swinging Strike
1-2: Strikes out looking
Batting: RHB Tyler Flowers 0-0: Foul Ball, location: 2F
0-1: Foul Ball, location: 2F
0-2: Strikes out looking
Batting: RHB Alex Reyes 0-0: Foul Ball, location: 2F
0-1: Called Strike
0-2: Strikes out swinging
Top of the 4th over - 1 run, 1 hit, 0 errors, 0 left on base; Washington 2 - San Diego 0
BOTTOM OF THE 4TH
San Diego Padres batting - Pitching for Washington Nationals : RHP Alex Reyes
Batting: SHB Carlos Santana 0-0: Ball
1-0: Ball
2-0: Ball
3-0: Called Strike
3-1: SINGLE (Line Drive, 89M)
Batting: RHB Mitch Haniger 0-0: Fly out, F4 (Flyball, 4D)
Batting: LHB Mike Moustakas 0-0: Ball
1-0: Called Strike
1-1: Called Strike
1-2: Foul Ball, location: 2F
1-2: Grounds into double play, 1-5-3 (Groundball, 13S)
Bottom of the 4th over - 0 runs, 1 hit, 0 errors, 0 left on base; Washington 2 - San Diego 0
TOP OF THE 5TH
Washington Nationals batting - Pitching for San Diego Padres : RHP Justin Verlander
Batting: LHB Yonder Alonso 0-0: Called Strike
0-1: Ball
1-1: Swinging Strike
1-2: Foul Ball, location: 2F
1-2: Strikes out swinging
Batting: LHB Joe Panik 0-0: Called Strike
0-1: Called Strike
0-2: Ball
1-2: Ball
2-2: Ball
3-2: Fly out, F7 (Line Drive, 7)
Batting: SHB Aaron Hicks 0-0: Ball
1-0: Foul Ball, location: 2F
1-1: Ball
2-1: SINGLE (Groundball, 34D)
Batting: LHB Andrew Benintendi 0-0: Ball
1-0: Ball
2-0: Ball
3-0: Called Strike
3-1: Foul Ball, location: 2F
3-2: Foul Ball, location: 2F
3-2: Base on Balls
Aaron Hicks to second
Pitching: RHP Hunter Strickland
Batting: RHB Yulieski Gurriel 0-0: Called Strike
0-1: Fly out, F9 (Line Drive, 9)
Top of the 5th over - 0 runs, 1 hit, 0 errors, 2 left on base; Washington 2 - San Diego 0
BOTTOM OF THE 5TH
San Diego Padres batting - Pitching for Washington Nationals : RHP Alex Reyes
Batting: RHB Yadier Molina 0-0: Fly out, F7 (Flyball, 7LDF)
Batting: LHB David Peralta 0-0: Swinging Strike
0-1: DOUBLE (Line Drive, 7LS)
Batting: SHB Freddy Galvis 0-0: Ball
1-0: Called Strike
1-1: Ball
2-1: Foul Ball, location: 2F
2-2: Ball
3-2: Foul Ball, location: 2F
3-2: Foul Ball, location: 2F
3-2: Base on Balls
Batting: RHB Lorenzo Cain 0-0: Ball
1-0: Called Strike
1-1: Ball
2-1: Ball
3-1: Base on Balls
David Peralta to third
Freddy Galvis to second
Pinch Hitting: RHB Chris Carter 0-0: Ball
1-0: Called Strike
1-1: Foul Ball, location: 2F
1-2: Ball
2-2: Fly out, F8 (Flyball, 8LS)
Batting: RHB Jose Altuve 0-0: Called Strike
0-1: Ground out 6-3 (Groundball, 6S)
Bottom of the 5th over - 0 runs, 1 hit, 0 errors, 3 left on base; Washington 2 - San Diego 0
TOP OF THE 6TH
Washington Nationals batting - Pitching for San Diego Padres : RHP Hunter Strickland
Pitching: RHP Josh Fields
Batting: RHB Marcell Ozuna 0-0: Foul Ball, location: 2F
0-1: Swinging Strike
0-2: Ball
1-2: Strikes out swinging
Batting: RHB Chris Taylor 0-0: Ground out U3 (Groundball, 34S)
Batting: RHB Tyler Flowers 0-0: Ball
1-0: Ball
2-0: Foul Ball, location: 2F
2-1: Called Strike
2-2: Ball
3-2: SINGLE (Groundball, 56D)
Batting: RHB Alex Reyes 0-0: Ball
1-0: Ball
2-0: Fly out, F9 (Flyball, 9S)
Top of the 6th over - 0 runs, 1 hit, 0 errors, 1 left on base; Washington 2 - San Diego 0
BOTTOM OF THE 6TH
San Diego Padres batting - Pitching for Washington Nationals : RHP Alex Reyes
Batting: SHB Carlos Santana 0-0: Called Strike
0-1: Ball
1-1: Swinging Strike
1-2: Ball
2-2: Ball
3-2: Base on Balls
Pitching: RHP Dominic Leone
Batting: RHB Mitch Haniger 0-0: Called Strike
0-1: Grounds into double play, 6-4-3 (Groundball, 6MS)
Batting: LHB Mike Moustakas 0-0: Ball
1-0: Called Strike
1-1: Ball
2-1: Ball
3-1: Foul Ball, location: 2F
3-2: Base on Balls
Batting: RHB Yadier Molina 0-0: Ball
1-0: Fly out, F8 (Flyball, 8LD)
Bottom of the 6th over - 0 runs, 0 hits, 0 errors, 1 left on base; Washington 2 - San Diego 0
TOP OF THE 7TH
Washington Nationals batting - Pitching for San Diego Padres : RHP Josh Fields
Pitching: LHP Kyle McGrath
Batting: LHB Yonder Alonso 0-0: Called Strike
0-1: Ball
1-1: Swinging Strike
1-2: SINGLE (Groundball, 4D)
Batting: LHB Joe Panik 0-0: SINGLE (Groundball, 25) (infield hit)
Yonder Alonso to second
Pitching: RHP Joe Musgrove
Batting: SHB Aaron Hicks 0-0: Ball
Wild Pitch!
Yonder Alonso to third
Joe Panik to second
1-0: Ground out U3 (Groundball, 3S)
Batting: LHB Andrew Benintendi 0-0: Ball
Wild Pitch!
Yonder Alonso scores
Joe Panik to third
1-0: Ball
2-0: Foul Ball, location: 2F
2-1: Foul Ball, location: 2F
2-2: Strikes out swinging
Batting: RHB Yulieski Gurriel 0-0: Called Strike
0-1: Called Strike
0-2: Foul Ball, location: 2F
0-2: Ball
1-2: Ball
2-2: Ball
3-2: Ground out 5-3 (Groundball, 5S)
Top of the 7th over - 1 run, 2 hits, 0 errors, 1 left on base; Washington 3 - San Diego 0
BOTTOM OF THE 7TH
San Diego Padres batting - Pitching for Washington Nationals : RHP Dominic Leone
Batting: LHB David Peralta 0-0: Ball
1-0: Ball
2-0: Foul Ball, location: 2F
2-1: Foul Ball, location: 2F
2-2: Foul Ball, location: 2F
2-2: Foul Ball, location: 2F
2-2: Ball
3-2: Foul Ball, location: 2F
3-2: Fly out, F7 (Line Drive, 7)
Batting: SHB Freddy Galvis 0-0: Ball
1-0: Foul Ball, location: 2F
1-1: Ball
2-1: Ground out 6-3 (Groundball, 6M)
Batting: RHB Lorenzo Cain 0-0: Foul Ball, location: 2F
0-1: Fly out, F8 (Flyball, 8LD)
Bottom of the 7th over - 0 runs, 0 hits, 0 errors, 0 left on base; Washington 3 - San Diego 0
TOP OF THE 8TH
Washington Nationals batting - Pitching for San Diego Padres : RHP Joe Musgrove
Batting: RHB Marcell Ozuna 0-0: Ball
1-0: Ball
2-0: Ball
3-0: Base on Balls
Batting: RHB Chris Taylor 0-0: Ball
1-0: Called Strike
1-1: Foul Ball, location: 2F
1-2: Foul Ball, location: 2F
1-2: Ball
2-2: SINGLE (Flyball, 7LM)
Marcell Ozuna to second
Batting: RHB Tyler Flowers 0-0: Called Strike
0-1: Called Strike
0-2: Ball
1-2: Ball
2-2: Foul Ball, location: 2F
2-2: Strikes out swinging
Pinch Hitting: RHB Steve Pearce 0-0: Ball
1-0: Ball
2-0: Foul Ball, location: 2F
2-1: Ball
3-1: Called Strike
3-2: Foul Ball, location: 2F
3-2: Grounds into double play, U4-3 (Groundball, 6M)
Top of the 8th over - 0 runs, 1 hit, 0 errors, 1 left on base; Washington 3 - San Diego 0
BOTTOM OF THE 8TH
San Diego Padres batting - Pitching for Washington Nationals : RHP Dominic Leone
Pitching: RHP Joakim Soria
Pinch Hitting: RHB Jose Pirela 0-0: Ball
1-0: SINGLE (Groundball, 6MD)
Batting: RHB Jose Altuve 0-0: Grounds into double play, 5-4-3 (Groundball, 5L)
Batting: SHB Carlos Santana 0-0: Ball
1-0: Swinging Strike
1-1: Ball
2-1: Foul Ball, location: 2F
2-2: Fly out, F9 (Flyball, 9LDF)
Bottom of the 8th over - 0 runs, 1 hit, 0 errors, 0 left on base; Washington 3 - San Diego 0
TOP OF THE 9TH
Washington Nationals batting - Pitching for San Diego Padres : RHP Joe Musgrove
Pitching: LHP Mike Minor
Batting: LHB Yonder Alonso 0-0: Swinging Strike
0-1: Called Strike
0-2: Ball
1-2: Strikes out looking
Batting: LHB Joe Panik 0-0: Ball
1-0: Foul Ball, location: 2F
1-1: Foul Ball, location: 2F
1-2: SINGLE (Flyball, 8LS)
Batting: SHB Aaron Hicks 0-0: Fielders Choice at 2nd, 6-4 (Groundball, 6)
Batting: LHB Andrew Benintendi 0-0: Ball
1-0: Ball
2-0: Called Strike
2-1: Foul Ball, location: 2F
2-2: Foul Ball, location: 2F
2-2: DOUBLE (Line Drive, 8RXD)
Aaron Hicks to third
Batting: RHB Yulieski Gurriel 0-0: Called Strike
0-1: Called Strike
0-2: Strikes out swinging
Top of the 9th over - 0 runs, 2 hits, 0 errors, 2 left on base; Washington 3 - San Diego 0
BOTTOM OF THE 9TH
San Diego Padres batting - Pitching for Washington Nationals : RHP Joakim Soria
Pitching: RHP David Robertson
Now at 3B: Jed Lowrie
Batting: RHB Mitch Haniger 0-0: Foul Ball, location: 2F
0-1: Foul Ball, location: 2F
0-2: Ball
1-2: Foul Ball, location: 2F
1-2: Ball
2-2: Strikes out swinging
Batting: LHB Mike Moustakas 0-0: Swinging Strike
0-1: Foul Ball, location: 2F
0-2: Strikes out swinging passed ball, reaches first!
Batting: RHB Yadier Molina 0-0: Grounds into double play, 5-4-3 (Groundball, 56)
Bottom of the 9th over - 0 runs, 0 hits, 0 errors, 0 left on base; Washington 3 - San Diego 0
Monday, December 24th, 2018 - OOTP Baseball 19.11 Build 129